 Dungeon Crawl Stone Soup version 0.30.1-9-gdf580d7c3d (webtiles) character file.

Game seed: 6234682122055685317

128022 Kranky the Warrior (level 16, -1/149 (160) HPs)
             Began as a Minotaur Berserker on Sept 26, 2023.
             Was a High Priest of Trog.
             Slain by a tarantella (11 damage)
             ... led by a jorogumo
             ... on level 2 of the Spider Nest.
             The game lasted 01:11:10 (33806 turns).

Kranky the Warrior (Minotaur Berserker)            Turns: 33806, Time: 01:11:11

HP:   -1/149 (160)  AC: 21    Str: 28    XL:     16   Next: 47%
MP:   0/15          EV:  8    Int:  4    God:    Trog [*****.]
Gold: 1348          SH:  0    Dex: 12    Spells: 15/15 levels left

rFire   + + .        a - +9 demon whip (venom)
rCold   + . .        n - +0 kite shield
rNeg    . . .        X - +2 chain mail {Will+}
rPois   .            K - +1 hat
rElec   .            i - scarf {rC+ rF+}
rCorr   .            I - +0 pair of gloves {infuse}
SInv    +            B - +0 pair of boots
Will    ++...        E - amulet of guardian spirit Stlth
                     m - ring of see invisible
HPRegen 0.44/turn    M - ring of protection from fire
MPRegen 0.14/turn

%: guardian spirit
@: lethally poisoned (-1 -> -4), held, slowed, drained, very slow
A: horns 2, retaliatory headbutt
a: Renounce Religion, Berserk, Trog's Hand, Brothers in Arms


You were on level 2 of the Spider Nest.
You worshipped Trog.
Trog was extremely pleased with you.
You visited 5 branches of the dungeon, and saw 25 of its levels.
You visited 1 bazaar.
You also visited: Sewer.

You collected 2479 gold pieces.
You spent 1131 gold pieces at shops.

Inventory:

Hand Weapons
 a - a +9 demon whip of venom (weapon)
Missiles
 g - 5 silver javelins
 t - 11 javelins (quivered)
 u - 8 throwing nets
Armour
 i - a scarf of resistance (worn)
 n - a +0 kite shield (worn)
 o - +1 ice dragon scales
 p - the +3 leather armour "Ixyogerupt" {Will+ Dex+3 Stlth-}
   (You found it on level 7 of the Dungeon)

   Dex:       It affects your dexterity (+3).
   Will:      It increases your willpower.
   Stlth:     It makes you less stealthy.
 B - a +0 pair of boots (worn)
 I - a +0 pair of gloves of infusion (worn)
 K - a +1 hat (worn)
 T - the +0 chain mail of the Furrier {rC+ rN+}
   (You bought it in a shop in a bazaar)

   rC:        It protects you from cold.
   rN:        It protects you from negative energy.
 X - a +2 chain mail of willpower (worn)
Jewellery
 h - a ring of protection from fire
 m - a ring of see invisible (left hand)
 s - a ring of magical power
 x - a ring of ice
 E - an amulet of guardian spirit (around neck)
 M - a ring of protection from fire (right hand)
 P - a +4 ring of protection
 V - a +4 ring of slaying
 W - a ring of resist corrosion
Wands
 d - a wand of mindburst (56)
 v - a wand of quicksilver (25)
 w - a wand of iceblast (30)
 z - a wand of flame (25)
 O - a wand of polymorph (4)
 R - a wand of paralysis (14)
Scrolls
 f - 8 scrolls of teleportation
 j - 3 scrolls of fog
 C - 3 scrolls of blinking
 G - 11 scrolls of identify
 J - 3 scrolls of fear
 L - 6 scrolls of magic mapping
 Q - 2 scrolls of enchant armour
Potions
 b - a potion of resistance
 c - 8 potions of curing
 e - 2 potions of haste
 k - 6 potions of lignification
 l - 2 potions of invisibility
 q - 7 potions of might
 r - 2 potions of cancellation
 A - 2 potions of magic
 F - 3 potions of flight
Miscellaneous
 D - a lightning rod (4/4)
 N - a phial of floods
 S - a phantom mirror
 U - a box of beasts


   Skills:
 + Level 19.1 Fighting
 - Level 3.7(8.4) Axes
 - Level 11.7(12.0) Maces & Flails
 - Level 6.0 Throwing
 + Level 17.6 Armour
 + Level 16.2 Dodging
 + Level 9.8 Shields
 - Level 6.0 Evocations


You had 15 spell levels left.
You didn't know any spells.
Your spell library was empty.

Dungeon Overview and Level Annotations

Branches:
Dungeon (15/15)            Temple (0/1) D:6            Lair (5/5) D:9
  Swamp (1/4) Lair:3       Spider (2/4) Lair:2        Slime (0/5) Lair:5
    Orc (2/2) D:10            Elf (0/3) Orc:2        Vaults (0/5) D:13
 Depths (0/4) D:15          Sewer (visited)

Altars:
Cheibriados
Dithmenos
Gozag
Makhleb
Nemelex Xobeh
Qazlal
Ru
Trog
Uskayaw
Vehumet
Wu Jian
Xom
Zin
Jiyva

Shops:
D:7 ?   Orc:2 =([*!*

Portals:
Trove: D:10 (give horn of Geryon)

Annotations:
Lair:2 exclusion: 3 oklob plants
Swamp:1 1 runed translucent door, Zeor's ghost, journeyman MiFi


Innate Abilities, Weirdness & Mutations

You have a pair of horns on your head.
You reflexively headbutt those who attack you in melee.


Message History

You block the tarantella's attack. The jorogumo casts a spell at you.
The stream of webbing hits you but does no damage.
You are caught in a web!
The tarantella touches you but does no damage.
The jorogumo hits you!
* * * LOW HITPOINT WARNING * * *
You feel as though you will be slow longer.
You struggle to detach yourself from the web.
You feel very sick.
The tarantella touches you but does no damage.
The jorogumo stares at you and mumbles some strange words.
The stream of webbing hits you but does no damage.
You are even more entangled.
The tarantella touches you but does no damage.
The jorogumo hits you but does no damage.
The tarantella touches you but does no damage.
You feel much better.
You feel very sick.
The tarantella touches you but does no damage.
The jorogumo hits you.
* * * LOW HITPOINT WARNING * * *
You feel as though you will be slow longer.
The tarantella closely misses you. The jorogumo closely misses you.
You struggle to detach yourself from the web.
You feel very sick. The tarantella touches you.
* * * LOW HITPOINT WARNING * * *
The jorogumo casts a spell at you.
The stream of webbing hits you but does no damage.
You are even more entangled.
The tarantella touches you but does no damage.
You struggle to detach yourself from the web.
You feel sick. The tarantella touches you!
* * * LOW HITPOINT WARNING * * *
The jorogumo stares at you and mumbles some strange words.
The bolt of negative energy hits you!
You feel drained.
* * * LOW HITPOINT WARNING * * *
The tarantella touches you!
You die...

##.....#..####
#..##...##
####..>..#
###..## #...##
###..# .
#...##
#...##††.#
#.....†@##
####..#sH.#
#...#......
##..#.##.....
...### .##..
#.. # # ##


You could see a jorogumo (very poisoned) and a tarantella.

Vanquished Creatures
  Mlioglotl (Swamp:1)
  Gastronok (D:10)
  Kirke (Swamp:1)
  Donald (Lair:3)
  A fenstrider witch (Swamp:1)
  Aizul (Swamp:1)
  2 orc warlords
  2 broodmothers (Spider:2)
  2 bunyips (Swamp:1)
  Snorg (Lair:4)
  The ghost of GrumpyGrim72 the Thaumaturge, a journeyman DrCj of Sif Muna (Orc:2)
  An entropy weaver (Spider:1)
  Harold (D:10)
  2 ghost crabs (Swamp:1)
  3 ogre magi
  11 hydras
  2 catoblepae
  2 radroaches (Spider:1)
  4 boulder beetles
  A jorogumo (Spider:1)
  5 centaur warriors
  3 alligators (Swamp:1)
  6 death yaks
  6 two-headed ogres
  A vampire mage (D:15)
  A tengu warrior (D:14)
  An orc high priest (Orc:2)
  Sonja (Lair:4)
  Nergalle (D:10)
  A skyshark (Lair:2)
  5 skeletal warriors
  A pharaoh ant (Spider:1)
  A swamp dragon (Swamp:1)
  3 bog bodies (Swamp:1)
  An orb spider (Spider:1)
  Pikel (D:6)
  A shadow dragon zombie (D:15)
  A steelbarb worm (Spider:1)
  3 deep elf pyromancers
  A necromancer (D:15)
  4 orc sorcerers
  A tengu skeleton (D:15)
  11 ugly things (D:14)
  4 orc knights
  7 wolf spiders
  A stone giant zombie (D:15)
  10 cyclopes
  A moth of wrath (Spider:2)
  2 manticores (D:15)
  A demonic crawler (Spider:1)
  A stone giant skeleton (D:15)
  A gargoyle (D:12)
  6 black mambas
  17 cane toads
  3 torpor snails
  2 unseen horrors (D:12)
  3 rime drakes
  An unseen horror (shapeshifter) (D:15)
  4 kobold demonologists
  An efreet (D:13)
  14 komodo dragons
  A guardian mummy (D:15)
  5 trolls
  2 polar bears
  12 tarantellas
  3 tyrant leeches
  7 hornets
  Grinder (D:3)
  7 blink frogs (Lair:4)
  3 dream sheep (Lair:2)
  6 culicivoras (Spider:1)
  6 jumping spiders
  A vampire (D:9)
  5 spriggans
  A water elemental (D:15)
  56 yaks
  14 wyverns
  A hog (shapeshifter) (D:12)
  18 redbacks
  3 steam dragons
  A human (Swamp:1)
  4 vampire mosquitoes (D:13)
  A hog (Swamp:1)
  3 wargs
  6 swamp worms
  13 water moccasins
  28 orc warriors
  5 black bears
  An ice beast (D:7)
  19 wolves
  15 ogres
  5 centaurs
  2 phantoms (D:5)
  Blork the orc (Orc:2)
  2 kobold brigands
  12 bullfrogs
  A gnoll sergeant (Orc:1)
  4 scorpions
  12 wights (D:8)
  6 killer bees
  An electric eel (Lair:4)
  3 howler monkeys
  A jelly (D:5)
  6 hounds
  16 orc priests
  Crazy Yiuf (D:4)
  Jessica (D:3)
  A gnoll bouda (D:7)
  Ijyb (D:5)
  7 iguanas
  23 orc wizards
  10 hell rats
  21 gnolls
  5 adders
  4 white imps
  An ufetubus (D:5)
  3 dart slugs
  60 orcs
  14 ball pythons
  8 bats
  12 endoplasms
  11 giant cockroaches
  3 goblins
  10 hobgoblins
  5 jackals
  11 quokkas
  12 frilled lizards
  10 kobolds
  4 rats
738 creatures vanquished.

Vanquished Creatures (collateral kills)
  Rupert (Lair:5)
  A hydra (Lair:5)
  An orc knight (Orc:2)
  An orc sorcerer (Orc:2)
  2 black mambas (Lair:5)
  A guardian serpent (Lair:5)
  3 cane toads (Lair:5)
  2 kobold demonologists (D:11)
  A troll (Orc:2)
  3 wyverns (Lair:5)
  6 yaks (Lair:5)
  3 orc warriors (Orc:2)
  6 water moccasins (Lair:5)
  4 wolves (Lair:5)
  A kobold brigand (D:11)
  4 kobolds (D:11)
40 creatures vanquished.

Vanquished Creatures (others)
  3 humans (Swamp:1)
3 creatures vanquished.

Grand Total: 781 creatures vanquished

Notes
Turn   | Place    | Note
-------+----------+-------------------------------------------
     0 | D:1      | Kranky the Minotaur Berserker began the quest for the Orb.
     0 | D:1      | Reached XP level 1. HP: 19/19 MP: 0/0
   100 | D:1      | Found a faded altar of an unknown god.
   153 | D:1      | Reached XP level 2. HP: 27/27 MP: 1/1
   229 | D:1      | Reached skill level 4 in Fighting
   302 | D:1      | Reached ** piety under Trog
   303 | D:1      | Reached XP level 3. HP: 29/33 MP: 2/2
  1521 | D:3      | Reached XP level 4. HP: 41/41 MP: 3/3
  1595 | D:3      | Found a snail-covered altar of Cheibriados.
  1636 | D:3      | Noticed Jessica
  1641 | D:3      | Killed Jessica
  1716 | D:3      | Noticed Grinder
  1733 | D:3      | Killed Grinder
  1734 | D:3      | Reached skill level 5 in Fighting
  1734 | D:3      | Reached XP level 5. HP: 32/48 MP: 4/4
  1734 | D:3      | Reached XP level 6. HP: 38/56 MP: 5/5
  2071 | D:3      | Reached skill level 5 in Armour
  2257 | D:4      | Reached *** piety under Trog
  2468 | D:4      | Reached skill level 6 in Fighting
  2539 | D:4      | Reached skill level 5 in Dodging
  2539 | D:4      | Reached XP level 7. HP: 63/63 MP: 6/6
  2593 | D:4      | Found Musigh's Distillery.
  2888 | D:4      | Found a runed translucent door.
  2889 | D:4      | Noticed Crazy Yiuf
  3055 | D:4      | Killed Crazy Yiuf
  3146 | D:5      | Entered Level 5 of the Dungeon
  3262 | D:5      | Found a bloodstained altar of Trog.
  3424 | D:5      | Found a sacrificial altar of Ru.
  3476 | D:5      | Noticed Ijyb
  3482 | D:5      | Killed Ijyb
  3634 | D:5      | Reached skill level 7 in Fighting
  3977 | D:5      | Reached XP level 8. HP: 73/73 MP: 7/7
  4001 | D:5      | Found a shadowy altar of Dithmenos.
  4297 | D:6      | Reached skill level 1 in Maces & Flails
  4324 | D:6      | Reached **** piety under Trog
  4400 | D:6      | Reached skill level 8 in Fighting
  4489 | D:6      | Found a glowing drain.
  4501 | Sewer    | Entered a sewer
  5245 | D:6      | Noticed Pikel
  5259 | D:6      | Killed Pikel
  5260 | D:6      | Reached skill level 1 in Throwing
  5260 | D:6      | Reached skill level 1 in Evocations
  5260 | D:6      | Reached XP level 9. HP: 74/82 MP: 8/8
  5302 | D:6      | Found a staircase to the Ecumenical Temple.
  6244 | D:7      | Reached skill level 9 in Fighting
  6253 | D:7      | Reached ***** piety under Trog
  6466 | D:7      | Identified the +3 leather armour "Ixyogerupt" {Will+ Dex+3
                  | Stlth-}
  6902 | D:7      | Found Dograev's Magic Scroll Boutique.
  8125 | D:8      | Reached XP level 10. HP: 88/92 MP: 9/9
  8441 | D:9      | Found a radiant altar of Vehumet.
  8583 | D:9      | Reached skill level 10 in Fighting
  8592 | D:9      | Received a gift from Trog
  9027 | D:9      | Found a staircase to the Lair.
  9065 | D:9      | Found a sparkling altar of Nemelex Xobeh.
  9111 | D:9      | Found a glowing silver altar of Zin.
  9147 | D:9      | Found a stormy altar of Qazlal.
  9149 | D:9      | Found an opulent altar of Gozag.
  9158 | D:9      | Found a hide-covered altar of Uskayaw.
  9162 | D:9      | Found a shimmering altar of Xom.
  9164 | D:9      | Found an ornate altar of the Wu Jian Council.
  9211 | D:9      | Reached skill level 5 in Maces & Flails
  9689 | D:10     | Entered Level 10 of the Dungeon
  9799 | D:10     | Noticed Nergalle
  9824 | D:10     | Killed Nergalle
  9825 | D:10     | Reached XP level 11. HP: 73/99 MP: 10/10
  9903 | D:10     | Found a staircase to the Orcish Mines.
 10010 | D:10     | Noticed Harold
 10022 | D:10     | Killed Harold
 10243 | D:10     | Noticed Gastronok
 10261 | D:10     | Killed Gastronok
 10262 | D:10     | Reached skill level 11 in Fighting
 10262 | D:10     | Reached skill level 10 in Maces & Flails
 10470 | D:10     | Found a portal to a secret trove of treasure.
 11128 | D:11     | Noticed a boulder beetle
 11136 | D:11     | Noticed a soul eater
 11137 | D:11     | Noticed a soul eater
 11236 | D:11     | Killed a boulder beetle
 11237 | D:11     | Reached skill level 12 in Fighting
 11600 | D:12     | Noticed a skeletal warrior
 11629 | D:12     | Killed a skeletal warrior
 11914 | D:12     | Noticed a deep elf pyromancer
 11925 | D:12     | Killed a deep elf pyromancer
 11926 | D:12     | Reached skill level 10 in Armour
 12151 | Lair:1   | Entered Level 1 of the Lair of Beasts
 12164 | Lair:1   | Reached XP level 12. HP: 103/113 MP: 11/11
 12285 | Lair:1   | Reached skill level 13 in Fighting
 12285 | Lair:1   | Reached skill level 5 in Evocations
 13064 | Lair:2   | Identified the +2 robe "Keihokue" {Fly Dex+2}
 13121 | Lair:2   | Reached skill level 10 in Dodging
 13150 | Lair:2   | Found a hole to the Spider Nest.
 13579 | Lair:2   | Identified the staff of air "Pasumuef" {rElec rC+ Int+3
                  | Dex+2}
 14104 | Lair:3   | Found the +5 robe of Misfortune {Harm *Corrode *Slow EV+5}
 14321 | Lair:3   | Reached skill level 14 in Fighting
 14361 | Lair:3   | Noticed a seven-headed hydra
 14371 | Lair:3   | Killed a seven-headed hydra
 14589 | Lair:3   | Noticed a seven-headed hydra
 14596 | Lair:3   | Killed a seven-headed hydra
 14743 | Lair:3   | Found a staircase to the Swamp.
 14939 | Lair:4   | Reached XP level 13. HP: 108/124 MP: 12/12
 15495 | Lair:4   | Noticed Sonja
 15505 | Lair:4   | Killed Sonja
 15505 | Lair:4   | Reached ****** piety under Trog
 15731 | Lair:4   | Identified the +7 dire flail of Korusixt {heavy, Str+4}
                  | (Trog gifted it to you on level 4 of the Lair of Beasts)
 15731 | Lair:4   | Received a gift from Trog
 15878 | Lair:4   | Reached skill level 15 in Fighting
 15916 | Lair:4   | Reached skill level 5 in Throwing
 16326 | Lair:4   | Noticed Snorg
 16337 | Lair:4   | Killed Snorg
 16742 | Lair:5   | Entered Level 5 of the Lair of Beasts
 16928 | Lair:5   | Noticed Rupert
 16928 | Lair:5   | Paralysed by Rupert for 3 turns
 16969 | Lair:5   | Killed Rupert
 17040 | Lair:5   | Reached XP level 14. HP: 42/136 MP: 7/13
 17325 | Lair:5   | Found a staircase to the Slime Pits.
 17325 | Lair:5   | Found a viscous altar of Jiyva.
 17362 | Lair:5   | Reached skill level 16 in Fighting
 17594 | Lair:5   | Received a gift from Trog
 18993 | Orc:1    | Entered Level 1 of the Orcish Mines
 19034 | Orc:2    | Entered Level 2 of the Orcish Mines
 19142 | Orc:2    | Found Zoromyt's Assorted Antiques.
 19195 | Orc:2    | Found a gateway to a bazaar.
 19211 | Bazaar   | Entered a bazaar
 19211 | Bazaar   | Found Kotzipuz's Jewellery Shoppe.
 19211 | Bazaar   | Found Ferykui's General Store.
 19211 | Bazaar   | Found Deyxt's Antique Weapon Boutique.
 19315 | Bazaar   | Found Fetiseti's Magic Scroll Emporium.
 19323 | Bazaar   | Found Ydghuoc's Antique Armour Emporium.
 19357 | Bazaar   | Bought a twisted chain mail for 237 gold pieces
 19357 | Bazaar   | Identified the +0 chain mail of the Furrier {rC+ rN+} (You
                  | bought it in a shop in a bazaar)
 19365 | Bazaar   | Bought a scroll of teleportation for 30 gold pieces
 19365 | Bazaar   | Bought a scroll of fear for 40 gold pieces
 19365 | Bazaar   | Bought a scroll of enchant weapon for 75 gold pieces
 19365 | Bazaar   | Bought a scroll of brand weapon for 95 gold pieces
 19365 | Bazaar   | Bought a scroll of teleportation for 30 gold pieces
 19669 | Orc:1    | Noticed an orc warlord
 19686 | Orc:1    | Killed an orc warlord
 19721 | Orc:1    | Received a gift from Trog
 19987 | Orc:1    | Reached skill level 15 in Armour
 20221 | Orc:2    | Found Mezicw's Distillery.
 20268 | Orc:2    | Noticed Blork the orc
 20275 | Orc:2    | Killed Blork the orc
 20309 | Orc:2    | Noticed an orc warlord
 20310 | Orc:2    | Reached skill level 1 in Shields
 20958 | Orc:2    | Killed an orc warlord
 21552 | Orc:2    | Reached skill level 17 in Fighting
 22131 | Orc:2    | Found a runed translucent door.
 22132 | Orc:2    | Noticed GrumpyGrim72's ghost (journeyman DrCj)
 22285 | Orc:2    | Found a burning altar of Makhleb.
 22383 | Orc:2    | Found Vopruph's Antique Weapon Emporium.
 22401 | Orc:2    | Found a staircase to the Elven Halls.
 22444 | Orc:2    | Found Hafeape's Jewellery Emporium.
 22460 | Orc:2    | Found Azyo's Antique Armour Emporium.
 22476 | Orc:2    | Found Saorr's General Store.
 22641 | Orc:2    | Killed GrumpyGrim72's ghost
 23158 | D:12     | HP: 4/135 [skeletal warrior/+0 scimitar (17)]
 23943 | D:13     | Reached XP level 15. HP: 111/147 MP: 10/14
 24297 | D:13     | Received a gift from Trog
 24298 | D:13     | Reached skill level 5 in Shields
 24398 | D:13     | Found a gate to the Vaults.
 24743 | D:7      | Bought a scroll of acquirement for 624 gold pieces
 24744 | D:7      | Acquired a +0 pair of gloves of infusion
 26223 | D:15     | Entered Level 15 of the Dungeon
 26778 | D:15     | Reached skill level 15 in Dodging
 27057 | D:15     | Found a staircase to the Depths.
 27081 | D:15     | Reached skill level 18 in Fighting
 27622 | D:15     | Paralysed by an ogre mage for 5 turns
 28223 | Swamp:1  | Entered Level 1 of the Swamp
 28907 | Swamp:1  | Identified the +5 dagger of Cowardice {speed, Int+2}
 28927 | Swamp:1  | Noticed Donald
 28939 | Swamp:1  | HP: 6/150 [Donald/+1 long sword of holy wrath (40)]
 29240 | Lair:3   | Killed Donald
 29464 | Swamp:1  | Noticed Kirke
 29476 | Swamp:1  | Killed Kirke
 29858 | Swamp:1  | Noticed a fenstrider witch
 29874 | Swamp:1  | Killed a fenstrider witch
 29875 | Swamp:1  | Reached XP level 16. HP: 50/159 MP: 7/15
 30150 | Swamp:1  | Found a runed translucent door.
 30151 | Swamp:1  | Found a shimmering altar of Xom.
 30151 | Swamp:1  | Noticed Zeor's ghost (journeyman MiFi)
 30597 | Swamp:1  | Noticed Mlioglotl
 30615 | Swamp:1  | Killed Mlioglotl
 30726 | Swamp:1  | Noticed Aizul
 30755 | Swamp:1  | Killed Aizul
 31310 | Spider:1 | Entered Level 1 of the Spider Nest
 31888 | Spider:1 | Received a gift from Trog
 33222 | Spider:1 | Reached skill level 19 in Fighting
 33793 | Spider:2 | Paralysed by a jorogumo for 3 turns
 33806 | Spider:2 | Slain by a tarantella

Illustrated notes

Levels and vault maps discovered:
D:1:      elethiomel_arrival_maze, layout_basic, ebering_ecumenical_altar_webs
D:2:      layout_basic, chequers_serial_rivers_large_b, kennysheep_another_room
D:3:      layout_loops_cross, mainiacjoe_overflow_24_doors, uniq_jessica,
          uniq_grinder
D:4:      layout_rooms, serial_shops, nicolae_shop_industrial_runoff,
          uniq_crazy_yiuf_cottage
D:5:      layout_basic, trog_butcher_becter, nicolae_dithmenos_the_darkroom,
          mainiacjoe_overflow_small_starburst, uniq_ijyb
D:6:      layout_layer_cave, minmay_temple_entry_large_hall,
          portal_sewer_entry_d, uniq_pikel
D:7:      layout_basic, serial_co_window_serial, co_window_of_opportunity_a,
          co_window_paths_a, co_window_paths_a, co_window_paths_b,
          co_window_corner_a, co_window_corner_a, co_window_corner_a,
          co_window_broadway_c, co_window_unsneaky_path_a, co_window_broadway_a,
          co_window_broadway_b, co_window_broadway_b, co_window_broadway_b,
          co_window_of_opportunity_b, glass_columns_a, glass_columns_c,
          glass_columns_a, glass_columns_c, glass_columns_c, serial_shops,
          nicolae_shop_rolled_up, minmay_misc_feat_diagonals
D:8:      layout_basic
D:9:      layout_stronghold, nicolae_overflow_hallway_of_the_gods,
          old_standard_altar, kennysheep_little_box,
          grunt_lair_entry_orc_guard_hut, minmay_misc_feat_alley
D:10:     layout_basic, orc_0_dummy, enter_trove_3, uniq_nergalle, uniq_harold,
          uniq_gastronok
D:11:     layout_roguey
D:12:     layout_stronghold
D:13:     layout_big_octagon, david_vaults_2
D:14:     layout_roguey, hangedman_abyss_or_decor_slice
D:15:     gammafunk_depths_entry_grave, layout_cave_pools, serial_bayou_pond_b
Lair:1:   layout_gridlike, serial_bayou_pond_b
Lair:2:   dpeg_oklob_gauntlet, layout_regular_city, spider_nest_entry_web_field
Lair:3:   layout_hall_layers, palyth_hydra_swamp_entry,
          grunt_forest_small_clearings
Lair:4:   layout_roguey, serial_bayou_lagoon_b, grunt_megastairs_1, uniq_snorg,
          uniq_sonja
Lair:5:   hangedman_lair_tendril_chambers, layout_cellular_growth,
          slime_entry_1, serial_bayou_shore_b, grunt_megastairs_4,
          lemuel_fruit_tree, uniq_rupert
Swamp:1:  layout_basic_swamp, ebering_ghost_xom, evilmike_swamp_ruin_house_5,
          swamp_pool1, cheibrodos_swamp_witchery, uniq_kirke, uniq_aizul,
          uniq_donald, uniq_mlioglotl
Spider:1: layout_spider_delve
Spider:2: layout_spider_delve, hellmonk_motheaten_closet, uniq_arachne
Orc:1:    layout_diamond_mine, basic_altar
Orc:2:    grunt_orc_cross, layout_diamond_mine, serial_shops, freezing_bzr,
          nicolae_shop_pleasant_corner_grove, shop, gammafunk_ghost_grave,
          bloody_makhleb

Skill      XL: |  1  2  3  4  5  6  7  8  9 10 11 12 13 14 15 16 |
---------------+-------------------------------------------------+-----
Fighting       | 4 5 6 7 8 9 10 12 14 15 17 18 19 | 19.1
Armour         | 3 4 5 6 8 9 10 12 13 15 16 17 | 17.6
Dodging        | 3 4 5 6 7 8 9 11 12 14 15 16 | 16.2
Maces & Flails | 3 9 11 | 11.7
Throwing       | 1 3 4 6 |  6.0
Evocations     | 1 3 4 6 |  6.0
Shields        | 4 8 9 |  9.8
Axes           | |  3.7

Action                     |  1- 3 |  4- 6 |  7- 9 | 10-12 | 13-15 | 16-18 || total
---------------------------+-------+-------+-------+-------+-------+-------++-------
  Melee: Hand axe          |    94 |    71 |    90 |       |       |       ||   255
         Headbutt          |    14 |    13 |    70 |   145 |   345 |    60 ||   647
         Punch             |       |     2 |     3 |     6 |    12 |       ||    23
         War axe           |       |       |    27 |       |       |       ||    27
         Whip              |       |       |   275 |    66 |       |       ||   341
         Demon whip        |       |       |       |   476 |  1236 |   261 ||  1973
 Invoke: Berserk           |       |       |       |     1 |     1 |     1 ||     3
         Brothers in Arms  |       |       |       |     2 |     8 |       ||    10
         Trog's Hand       |       |       |       |     1 |    10 |     1 ||    12
  Evoke: Lightning rod     |       |       |       |     1 |     1 |       ||     2
    Use: Scroll            |       |       |    18 |     4 |    14 |       ||    36
         Potion            |       |       |       |       |     5 |     1 ||     6
   Stab: Sleeping          |     1 |       |       |       |       |       ||     1
 Armour: Animal skin       |     9 |       |       |       |       |       ||     9
         Ice dragon scales |    19 |    34 |   196 |   196 |   331 |    17 ||   793
         Leather armour    |       |       |       |       |    47 |       ||    47
         Chain mail        |       |       |       |       |       |    95 ||    95
  Dodge: Dodged            |    54 |    40 |   249 |   264 |   604 |   151 ||  1362
  Block: Buckler           |       |       |       |       |   125 |       ||   125
         Kite shield       |       |       |       |       |    23 |   125 ||   148
